 Dungeon Crawl Stone Soup version 0.25-a0-631-gc915619fb7 (webtiles) character file.

Game seed: 6869128451034011991, levelgen mode: deterministic

5061 mopl the Geomancer (level 10, 0/69 HPs)
             Began as a White Draconian Earth Elementalist on Mar 18, 2020.
             Was an Initiate of Cheibriados.
             Slain by a yak (14 damage)
             ... on level 9 of the Dungeon.
             The game lasted 00:23:39 (8477 turns).

mopl the Geomancer (DrEE)                           Turns: 8477, Time: 00:23:40

Health: 0/69       AC:  8    Str: 13    XL:     10   Next: 31%
Magic:  2/19       EV: 12    Int: 19    God:    Cheibriados [......]
Gold:   301        SH:  6    Dex: 12    Spells: 6/21 levels left

rFire    + . .     SeeInvis .   a - +4 dagger (venom)
rCold    + + .     Gourm    .   x - +1 buckler {reflect}
rNeg     + . .     Faith    .   (armour unavailable)
rPois    .         Spirit   .   q - +1 hat
rElec    .         Reflect  +   j - scarf {rC+ rF+}
rCorr    .         Harm     .   (no gloves)
MR       .....                  (no boots)
Stlth    +++.......             (no amulet)
HPRegen  0.21/turn              I - ring of positive energy
MPRegen  0.16/turn              (no ring)

@: very slow
A: breathe frost, unfitting armour, cold resistance 1, cold-blooded, AC +7
a: Breathe Frost, Bend Time, Renounce Religion


You were on level 9 of the Dungeon.
You worshipped Cheibriados.
Cheibriados was noncommittal.
You were very hungry.

You visited 2 branches of the dungeon, and saw 10 of its levels.
You also visited: Sewer and Ossuary.

You collected 503 gold pieces.
You spent 202 gold pieces at shops.

Inventory:

Hand Weapons
 a - a +4 dagger of venom (weapon)
 b - a +0 dagger of electrocution
 M - a +3 hand axe of flaming
 Q - a +3 falchion of freezing
Missiles
 d - 9 boomerangs
 s - 46 stones (quivered)
 D - 2 throwing nets
Armour
 j - a scarf of resistance (worn)
 q - a +1 hat (worn)
 x - a +1 buckler of reflection (worn)
Magical Staves
 y - an uncursed staff of energy {!a}
 P - an uncursed staff of death
Jewellery
 I - a ring of positive energy (left hand)
Wands
 H - a wand of digging (4)
 N - a wand of enslavement (9)
Scrolls
 e - 2 scrolls of amnesia {unknown}
 h - a scroll of enchant armour {unknown}
 i - 4 scrolls of remove curse
 o - a scroll of fog {unknown}
 p - 5 scrolls of teleportation {unknown}
 r - 4 scrolls of immolation {unknown}
 v - 2 scrolls of blinking {unknown}
 w - 3 scrolls of fear {unknown}
 F - 4 scrolls of noise {unknown}
 G - 2 scrolls of identify
 K - a scroll of silence {unknown}
 O - a scroll of enchant weapon {unknown}
Potions
 f - a potion of might
 g - 7 potions of curing
 k - a potion of flight
 m - 2 potions of heal wounds
 n - 4 potions of stabbing
 t - a potion of ambrosia
 u - 3 potions of brilliance
 A - 4 potions of cancellation
 C - a potion of mutation {!q}
 E - a potion of magic
 J - a potion of invisibility
Comestibles
 c - 12 rations


   Skills:
 + Level 4.8 Long Blades
 - Level 1.7 Dodging
 + Level 6.1 Stealth
 - Level 4.1 Shields
 + Level 6.2 Spellcasting
 - Level 3.0 Conjurations
 + Level 5.6 Transmutations
 * Level 8.9 Earth Magic
 + Level 1.5 Invocations


You had 6 spell levels left.
You knew the following spells:

 Your Spells              Type           Power        Failure   Level  Hunger
a - Sandblast             Erth           #####.       1%          1    None
b - Stone Arrow           Conj/Erth      ####..       2%          3    ##.....
c - Petrify               Tmut/Erth      ####....     5%          4    ####...
k - Lee's Rapid Deconstr  Erth           #####.....   8%          5    #####..
p - Passwall              Tmut/Erth      ####....     1%          2    None

Your spell library contained the following spells:

 Spells                   Type           Power        Failure   Level  Hunger


Dungeon Overview and Level Annotations

Branches:
Dungeon (9/15)             Temple (1/1) D:4           Sewer (visited)
Ossuary (visited)
   Lair: D:8-11         Orc: D:9-12

Altars:
Ashenzari
Cheibriados
Dithmenos
Elyvilon
Fedhas
Gozag
Hepliaklqana
Kikubaaqudgha
Makhleb
Nemelex Xobeh
Okawaru
Qazlal
Ru
Sif Muna
Trog
Uskayaw
Vehumet
Wu Jian
Xom
Yredelemnul
Zin
The Shining One

Shops:
D:7 (   D:8 %*%[

Annotations:
D:4 1 runed translucent door, Crazy Yiuf


Innate Abilities, Weirdness & Mutations

You can breathe waves of freezing cold.
You can buffet flying creatures when you breathe cold.
Your icy white scales are hard. (AC +7)
You cannot fit into any form of body armour.
Your flesh is cold resistant. (rC+)
You are cold-blooded and may be slowed by cold attacks.


Message History

Aiming: Sandblast (safe; 1% risk of failure)
Press: ? - help, Shift-Dir - straight line, f - yak
Aim: a yak (heavily wounded)
The blast of sand hits the yak.
The yak is severely wounded.
s - 47 stones The yak gores you.
* * * LOW HITPOINT WARNING * * *
Unknown command.
Casting: Sandblast (safe; 1% risk of failure)
Confirm with . or Enter, or press ? or * to list all spells.
Aiming: Sandblast (safe; 1% risk of failure)
Press: ? - help, Shift-Dir - straight line, f/p - yak
Aim: a yak (severely wounded)
The blast of sand misses the yak.
The blast of sand hits the yak!
You kill the yak!
Cheibriados appreciates the change of pace.
s - 46 stones The yak gores you!
You die...

......#...........##
......#...........#
......#...........#
#...'.#'#####...#
#...'.#.....#...#
#...#.#.....#...#
#...#†#.....#...#
#[. #Y#.....#...#
.... #@#######...#
.... #...........#
.### #.........<.#
............#
............#
.............#
.............#
.<............#
.........####


You could see a yak.

Vanquished Creatures
  Harold (D:7)
  A slime creature (D:9)
  4 yaks (D:9)
  Sigmund (D:4)
  Duvessa (D:7)
  A sky beast (D:5)
  An ice beast (D:7)
  3 ogres
  2 necrophages
  5 centaurs
  A crocodile (Sewer)
  Blork the orc (D:5)
  2 bullfrogs (D:7)
  Dowan (D:7)
  5 water moccasin zombies (Ossuary)
  3 scorpions
  10 wights
  An electric eel (D:7)
  3 crimson imps
  A quasit (D:8)
  A hound (D:3)
  3 jellies
  2 orc wizards
  A bullfrog skeleton (D:7)
  Jessica (D:2)
  An iguana (D:6)
  Ijyb (D:4)
  Natasha (thrice) (D:4)
  9 worker ants
  3 big kobold zombies (Ossuary)
  2 hound skeletons
  2 mummies (Ossuary)
  A worker ant zombie (D:5)
  4 gnolls
  A howler monkey skeleton (D:7)
  11 adders
  An ooze (D:1)
  6 adder zombies
  A worm zombie (D:6)
  2 worms
  A dart slug (D:1)
  12 leopard geckos
  14 orcs
  6 giant cockroaches
  A gnoll zombie (Ossuary)
  9 goblins
  9 hobgoblins
  8 jackals
  4 quokkas
  10 bats
  7 frilled lizards
  A goblin zombie (D:6)
  8 hobgoblin zombies (Ossuary)
  A jackal skeleton (D:2)
  11 kobolds
  5 kobold zombies
  A leopard gecko skeleton (D:4)
  A leopard gecko zombie (D:5)
  5 orc zombies (Ossuary)
  11 rats
  4 rat zombies (D:6)
233 creatures vanquished.

Notes
Turn   | Place    | Note
-------+----------+-------------------------------------------
     0 | D:1      | mopl the Draconian Earth Elementalist began the quest for
                  | the Orb.
     0 | D:1      | Reached XP level 1. HP: 14/14 MP: 3/3
   200 | D:1      | Reached skill level 2 in Stealth
   200 | D:1      | Reached XP level 2. HP: 14/20 MP: 3/5
   370 | D:1      | Learned a level 2 spell: Passwall
   555 | D:1      | Reached XP level 3. HP: 20/26 MP: 1/6
   834 | D:2      | Learned a level 3 spell: Stone Arrow
  1066 | D:2      | Reached XP level 4. HP: 33/33 MP: 3/8
  1258 | D:2      | Reached skill level 3 in Spellcasting
  1258 | D:2      | Reached skill level 4 in Earth Magic
  1468 | D:2      | Reached XP level 5. HP: 38/38 MP: 5/9
  1477 | D:2      | Noticed Jessica
  1482 | D:2      | Killed Jessica
  1482 | D:2      | Reached skill level 1 in Conjurations
  1594 | D:3      | Found a bloodstained altar of Trog.
  1664 | D:3      | Reached skill level 2 in Transmutations
  1813 | D:3      | Reached skill level 3 in Stealth
  1828 | D:3      | Found a glowing drain.
  1844 | D:3      | Reached XP level 6. HP: 42/45 MP: 11/11
  1859 | Sewer    | Entered a sewer
  1883 | Sewer    | Learned a level 4 spell: Petrify
  2283 | D:4      | Found a runed translucent door.
  2284 | D:4      | Noticed Crazy Yiuf
  2329 | D:4      | Reached skill level 4 in Spellcasting
  2329 | D:4      | Reached skill level 5 in Earth Magic
  2542 | D:4      | Noticed Sigmund
  2573 | D:4      | Killed Sigmund
  2573 | D:4      | Reached skill level 2 in Conjurations
  2573 | D:4      | Your scales start taking on an icy white colour.
  2573 | D:4      | Reached XP level 7. HP: 43/50 MP: 3/13
  2573 | D:4      | Gained mutation: Your flesh is cold resistant. (rC+) [White
                  | Draconian growth]
  2665 | D:4      | Found a staircase to the Ecumenical Temple.
  2777 | D:4      | Found a bloodstained altar of Trog.
  2783 | D:4      | Noticed Ijyb
  2801 | D:4      | Killed Ijyb
  2853 | Temple   | Entered the Ecumenical Temple
  3056 | D:4      | Noticed Natasha
  3063 | D:4      | Killed Natasha
  3342 | D:4      | Found a shimmering altar of Xom.
  3512 | D:4      | Noticed Natasha
  3526 | D:4      | Killed Natasha
  3526 | D:4      | Reached skill level 1 in Long Blades
  3580 | D:4      | Noticed Natasha
  3590 | D:4      | Killed Natasha
  3634 | D:5      | Entered Level 5 of the Dungeon
  3659 | D:5      | Reached skill level 3 in Transmutations
  3685 | D:5      | Noticed Blork the orc
  3698 | D:5      | Killed Blork the orc
  3770 | D:5      | Reached skill level 1 in Shields
  3958 | D:5      | Reached XP level 8. HP: 51/57 MP: 12/15
  4781 | D:6      | Reached skill level 2 in Long Blades
  4781 | D:6      | Reached skill level 4 in Stealth
  4817 | D:6      | Reached skill level 5 in Spellcasting
  4843 | D:6      | Found a glowing golden altar of the Shining One.
  4853 | D:6      | Reached skill level 6 in Earth Magic
  4882 | D:6      | Found a sand-covered staircase.
  4898 | Ossuary  | Entered an ossuary
  4922 | Ossuary  | Reached skill level 3 in Conjurations
  4923 | Ossuary  | Reached skill level 2 in Shields
  5884 | D:6      | Reached skill level 4 in Transmutations
  6097 | D:6      | Reached skill level 3 in Long Blades
  6097 | D:6      | Reached XP level 9. HP: 62/62 MP: 13/17
  6338 | D:6      | Found an ancient bone altar of Kikubaaqudgha.
  6428 | D:7      | Noticed Harold
  6573 | D:7      | Reached skill level 3 in Shields
  6573 | D:7      | Reached skill level 6 in Spellcasting
  6573 | D:7      | Reached skill level 7 in Earth Magic
  6587 | D:7      | Learned a level 5 spell: Lee's Rapid Deconstruction
  6871 | D:7      | Noticed Duvessa
  6871 | D:7      | Noticed Dowan
  6886 | D:7      | Killed Duvessa
  6886 | D:7      | Reached skill level 5 in Stealth
  6891 | D:7      | Killed Dowan
  7078 | D:7      | Found Paofyok's Weapon Emporium.
  7300 | D:7      | Killed Harold
  7300 | D:7      | Reached skill level 4 in Long Blades
  7300 | D:7      | Reached skill level 4 in Shields
  7300 | D:7      | Reached skill level 5 in Transmutations
  7300 | D:7      | Reached skill level 8 in Earth Magic
  7429 | D:8      | Found a snail-covered altar of Cheibriados.
  7496 | D:8      | Found Rasixoesk's Food Boutique.
  7525 | D:8      | Reached XP level 10. HP: 56/69 MP: 11/19
  7569 | D:8      | Found Vamof's Food Shop.
  7619 | D:8      | Found Etiev's General Store.
  7857 | D:8      | Became a worshipper of Cheibriados the Contemplative
  8101 | D:8      | Found Hearethra's Antique Armour Emporium.
  8133 | D:8      | Bought a runed buckler for 202 gold pieces
  8270 | D:9      | Found a shadowy altar of Dithmenos.
  8461 | D:9      | Reached skill level 1 in Invocations
  8468 | D:9      | Reached skill level 6 in Stealth
  8477 | D:9      | Slain by a yak

Levels and vault maps discovered:
D:1:      lightli_molten_gateway, layout_basic, kennysheep_boxes
D:2:      layout_rooms, first_ration, uniq_jessica
D:3:      layout_rooms, portal_sewer_entry_f, st_stairs_6, trog_butcher_becter
D:4:      layout_basic, kennysheep_mini_moat, bloody_trog,
          minmay_temple_entry_enclosed_plants, kennysheep_windowed_goal,
          uniq_sigmund, uniq_natasha, uniq_crazy_yiuf_cottage, uniq_ijyb
D:5:      layout_basic, chequers_serial_rivers_small_a, kennysheep_doodads,
          uniq_blork_the_orc
D:6:      layout_cave_pools, lemuel_doored_altar,
          lemuel_zombie_altar_kikubaaqudgha, enter_ossuary_3, bh_walls_and_bars
D:7:      layout_basic, serial_shops, shop_statue, grunt_ogre_cave,
          kennysheep_diamond, skrybe_limestone_x, uniq_duvessa, uniq_harold
D:8:      layout_loops_ring, lemuel_crystal_altar, serial_shops, shop, shop,
          kennysheep_little_box, shop
D:9:      layout_irregular_city, nicolae_overflow_hidden_temple
Temple:   regret_index_temple_sphere_string

Skill      XL: |  1  2  3  4  5  6  7  8  9 10 |
---------------+-------------------------------+-----
Stealth        | 2 3 4 5 6 |  6.1
Spellcasting   | 3 4 5 6 |  6.2
Earth Magic    | 4 5 6 8 |  8.9
Conjurations   | 1 2 3 |  3.0
Transmutations | 2 3 4 5 |  5.6
Long Blades    | 1 3 4 |  4.8
Shields        | 1 2 4 |  4.1
Invocations    | 1 |  1.5
Dodging        | |  1.7

Action                   |  1- 3 |  4- 6 |  7- 9 | 10-12 || total
-------------------------+-------+-------+-------+-------++-------
Melee: Unarmed           |    12 |       |       |       ||    12
       Dagger            |    32 |    90 |   384 |    55 ||   561
       Tailslap          |     5 |    10 |    50 |     5 ||    70
Throw: Stone             |       |       |     1 |       ||     1
 Cast: Sandblast         |    43 |    53 |    67 |    25 ||   188
       Petrify           |       |     2 |     6 |     4 ||    12
       Passwall          |       |       |     3 |     2 ||     5
       Lee's Rapid Decon |       |       |       |     2 ||     2
  Use: Scroll            |     3 |     4 |     7 |     1 ||    15
       Potion            |       |       |     2 |       ||     2
 Stab: Sleeping          |     3 |     1 |    16 |     4 ||    24
       Petrified         |       |     6 |     8 |     5 ||    19
       Distracted        |       |     1 |       |       ||     1
       Petrifying        |       |       |     1 |       ||     1
  Eat: Chunk             |     1 |     4 |    15 |     3 ||    23
       Ration            |       |       |     1 |       ||     1
Armor: Skin              |    28 |    46 |   117 |     8 ||   199
Dodge: Dodged            |    46 |    90 |   195 |    28 ||   359
Block: Buckler           |       |       |     1 |     9 ||    10

Table legend:
 A = Non-vault XP
 B = Vault XP
 C = Vault XP percentage of total XP
 D = Non-vault monster count
 E = Vault monster count
 F = Vault count percentage of total count
                 A         B        C        D         E       F
            +---------+---------+-------+---------+---------+-------
      Total |    4504 |    2727 |  37.7 |     163 |      70 |  30.0
            +---------+---------+-------+---------+---------+-------
        D:1 |      45 |       0 |   0.0 |      22 |       0 |   0.0
        D:2 |     157 |      37 |  19.1 |      29 |       1 |   3.3
        D:3 |     179 |      29 |  13.9 |      25 |      11 |  30.6
        D:4 |     141 |     311 |  68.8 |       4 |       4 |  50.0
        D:5 |     651 |      99 |  13.2 |      16 |       1 |   5.9
        D:6 |     673 |      12 |   1.8 |      15 |       7 |  31.8
        D:7 |     786 |    1583 |  66.8 |      26 |       7 |  21.2
        D:8 |     755 |       0 |   0.0 |      19 |       0 |   0.0
        D:9 |    1117 |       0 |   0.0 |       7 |       0 |   0.0
      Sewer |       0 |     111 | 100.0 |       0 |       6 | 100.0
    Ossuary |       0 |     545 | 100.0 |       0 |      33 | 100.0
            +---------+---------+-------+---------+---------+-------
